 Dungeon Crawl Stone Soup version 0.23-a0-175-g97aacdb306 (webtiles) character file.

467 PikkenKukken the Cutter (level 7, -3/37 HPs)
             Began as a Vine Stalker Fighter on Sept 16, 2018.
             Slain by a worker ant (4 damage)
             ... on level 5 of the Dungeon.
             The game lasted 00:05:14 (3098 turns).

PikkenKukken the Cutter (Vine Stalker Fighter)      Turns: 3098, Time: 00:05:15

Health: -3/37      AC:  7    Str: 22    XL:     7   Next: 8%
Magic:  0/8        EV:  8    Int:  8    God:
Gold:   108        SH: 10    Dex: 14    Spells: 6/6 levels left

rFire    . . .     SeeInvis .   b - +4 dagger
rCold    + . .     Gourm    .   c - +0 shield
rNeg     . . .     Faith    .   v - +2 ring mail of Dithmenos's Hope {*Corrode rElec Str+2}
rPois    .         Spirit   +   (no helmet)
rElec    +         Reflect  .   (no cloak)
rCorr    .         Harm     .   (no gloves)
MR       .....                  (no boots)
Stlth    ..........             (no amulet)
HPRegen  0.52/turn              q - ring "Hovorax" {rC+ Stlth-}
MPRegen  0.11/turn              (no ring)

@: lethally poisoned (-3 -> -4)
A: fangs 2, regeneration 1, magic shield, antimagic bite, no potion heal 3, rot
immunity
a: no special abilities


You were on level 5 of the Dungeon.
You were not hungry.

You visited 1 branch of the dungeon, and saw 5 of its levels.

You collected 218 gold pieces.
You spent 110 gold pieces at shops.

Inventory:

Hand Weapons
 a - a +0 rapier
 b - a +4 dagger (weapon)
 t - a +0 antimagic dagger
Armour
 c - a +0 shield (worn)
 k - a +0 chain mail
 v - the +2 ring mail of Dithmenos's Hope (worn) {*Corrode rElec Str+2}
   (You found it on level 4 of the Dungeon)

   It affects your strength (+2).
   It insulates you from electricity.
   It may corrode you when you take damage.
 w - a +0 chain mail
Jewellery
 q - the ring "Hovorax" (left hand) {rC+ Stlth-}
   (You found it on level 4 of the Dungeon)

   [ring of attention]

   It protects you from cold.
   It makes you less stealthy.
 s - an uncursed ring of wizardry
Scrolls
 g - 3 scrolls of remove curse
 j - 2 scrolls of blinking
Potions
 d - 2 potions of might
 e - 2 potions of brilliance {unknown}
 h - a potion of heal wounds {unknown}
 i - 4 potions of lignification
 l - a potion of magic {unknown}
 m - 2 potions of curing
 n - a potion of berserk rage {unknown}
 p - 2 potions of haste {unknown}
 r - a potion of degeneration {unknown}
 u - a potion of agility
Comestibles
 f - 6 rations
 o - a chunk of flesh


   Skills:
 + Level 3.9 Fighting
 * Level 4.3 Short Blades
 + Level 3.6 Armour
 + Level 4.0 Shields


You had 6 spell levels left.
You didn't know any spells.
Your spell library contained the following spells:

 Spells                   Type           Power        Failure   Level  Hunger
 Animate Skeleton         Necr           N/A          96%         1    ##.....
 Pain                     Necr           #...         96%         1    ##.....
 Regeneration             Chrm/Necr      #.........   100%        3    ####...
 Vampiric Draining        Necr           #.........   100%        3    ####...
 Animate Dead             Necr           N/A          100%        4    #####..


Dungeon Overview and Level Annotations

Branches:
Dungeon (5/15)
 Temple: D:4-7

Altars:
Fedhas

Shops:
D:4 !


Innate Abilities, Weirdness & Mutations

You have extremely sharp teeth.
Your natural rate of healing is unusually fast.
When hurt, damage is shared between your health and your magic reserves.
Your bite disrupts and absorbs the magic of your enemies.
Potions cannot restore your health.
You are immune to rotting.


Message History

Your system rejects the healing.
You feel better. You block the worker ant's attack. You block the orc's attack.
Your shield and ring mail of Dithmenos's Hope prevent you from hitting the The worker ant is severely wounded.
You block the worker ant's attack. The orc hits you but does no damage.
You hit the worker ant.
You bite the worker ant, but do no damage.
The worker ant is almost dead.
The worker ant bites you.
* * * LOW HITPOINT WARNING * * *
You block the orc's attack. The worker ant bites you!
* * * LOW HITPOINT WARNING * * *
You are lethally poisoned!
The worker ant poisons you!
You hit the worker ant.
You bite the worker ant, but do no damage.
The worker ant is almost dead.
* * * LOW HITPOINT WARNING * * *
You feel sick. The orc hits you but does no damage. The worker ant bites you.
You die...

#.#.# #.#.#
##.#.####
#.......#
##.......#
.##....>...#
......o.a..#
#....@...#
#........#
#........#
#.######.# #
... ... ..#
...


You could see a worker ant and an orc.

Vanquished Creatures
  A phantom (D:4)
  A bullfrog (D:2)
  A hound (D:4)
  An orc priest (D:4)
  2 orc wizards
  An iguana (D:5)
  A worker ant (D:4)
  Robin (D:4)
  5 adders
  An ooze (D:4)
  2 worms
  A dart slug (D:1)
  4 leopard geckos
  9 orcs
  2 giant cockroaches
  9 hobgoblins
  4 jackals (D:4)
  A quokka (D:4)
  11 bats
  4 frilled lizards
  9 goblins
  6 kobolds
  A leopard gecko skeleton (D:4)
  5 rats
83 creatures vanquished.

Notes
Turn   | Place    | Note
-------+----------+-------------------------------------------
     0 | D:1      | PikkenKukken the Vine Stalker Fighter began the quest for
                  | the Orb.
     0 | D:1      | Reached XP level 1. HP: 11/11 MP: 2/2
   250 | D:1      | Reached XP level 2. HP: 12/16 MP: 1/3
   766 | D:2      | Reached XP level 3. HP: 12/19 MP: 4/4
  1093 | D:2      | Noticed a bullfrog
  1107 | D:2      | Killed a bullfrog
  1107 | D:2      | Gained mutation: Your natural rate of healing is unusually
                  | fast. [Vine Stalker growth]
  1107 | D:2      | Reached XP level 4. HP: 15/24 MP: 3/5
  1716 | D:3      | Found a blossoming altar of Fedhas.
  1794 | D:3      | Reached XP level 5. HP: 28/28 MP: 6/6
  2298 | D:4      | Noticed Robin
  2312 | D:4      | Killed Robin
  2372 | D:4      | Reached XP level 6. HP: 30/32 MP: 7/7
  2446 | D:4      | Found Avoefix's Distillery.
  2454 | D:4      | Bought a potion of might for 40 gold pieces
  2454 | D:4      | Bought a potion of curing for 30 gold pieces
  2454 | D:4      | Bought a potion of agility for 40 gold pieces
  2783 | D:4      | Got a twitching wooden ring
  2784 | D:4      | Identified the ring "Hovorax" {rC+ Stlth-} (You found it on
                  | level 4 of the Dungeon)
  2792 | D:4      | Got a jewelled ring mail
  2818 | D:4      | Identified the +2 ring mail of Dithmenos's Hope {*Corrode
                  | rElec Str+2} (You found it on level 4 of the Dungeon)
  3029 | D:5      | Entered Level 5 of the Dungeon
  3029 | D:5      | Noticed a phantom
  3066 | D:4      | Killed a phantom
  3066 | D:4      | Reached XP level 7. HP: 28/37 MP: 6/8
  3097 | D:5      | HP: 1/37 [worker ant (5)]
  3098 | D:5      | Slain by a worker ant

Vault maps used:
D:1:      minmay_arrival_wavy_path, dk_noncrumbling_3, kennysheep_boxes
D:3:      first_ration, fedhas_altar_1
D:4:      serial_shops, nicolae_shop_statue_plus, uniq_robin
D:5:      temple_hall

Skill      XL: |  1  2  3  4  5  6  7 |
---------------+----------------------+-----
Short Blades   | 2 3 4 |  4.3
Fighting       | 3 |  3.9
Shields        | 3 4 |  4.0
Armour         | 3 |  3.6

Action                   |  1- 3 |  4- 6 |  7- 9 || total
-------------------------+-------+-------+-------++-------
Melee: Rapier            |    65 |       |       ||    65
       Bite              |    18 |    64 |     7 ||    89
       Dagger            |    28 |   218 |    14 ||   260
  Use: Scroll            |     2 |     2 |       ||     4
       Potion            |       |       |     1 ||     1
  Eat: Chunk             |     1 |     6 |       ||     7
Armor: Scale mail        |    25 |       |       ||    25
       Chain mail        |    21 |    66 |       ||    87
       Ring mail         |       |     2 |     6 ||     8
Dodge: Dodged            |    19 |    43 |     5 ||    67
Block: Shield            |    45 |    83 |    10 ||   138

Table legend:
 A = Non-vault XP
 B = Vault XP
 C = Vault XP percentage of total XP
 D = Non-vault monster count
 E = Vault monster count
 F = Vault count percentage of total count
                 A         B        C        D         E       F
            +---------+---------+-------+---------+---------+-------
      Total |     641 |      27 |   4.0 |      76 |       7 |   8.4
            +---------+---------+-------+---------+---------+-------
        D:1 |      31 |       0 |   0.0 |      19 |       0 |   0.0
        D:2 |     121 |       0 |   0.0 |      15 |       0 |   0.0
        D:3 |      79 |       0 |   0.0 |      14 |       0 |   0.0
        D:4 |     374 |      27 |   6.7 |      27 |       7 |  20.6
        D:5 |      36 |       0 |   0.0 |       1 |       0 |   0.0
            +---------+---------+-------+---------+---------+-------
